 Dungeon Crawl Stone Soup version 0.28.0-45-g0d030f2227 (webtiles) character file.

Game seed: 15550384922708794274

31 Peloso the Covered (level 3, -5/33 HPs)
             Began as a Minotaur Fighter on Apr 10, 2022.
             Killed by divine providence
             ... invoked by an orc priest
              (13 damage)
             ... on level 3 of the Dungeon.
             The game lasted 00:01:35 (1627 turns).

Peloso the Covered (Minotaur Fighter)               Turns: 1627, Time: 00:01:36

Health: -5/33      AC:  7    Str: 20    XL:     3   Next: 7%
Magic:  2/2        EV:  9    Int:  5    God:
Gold:   58         SH:  4    Dex: 11    Spells: 2/2 levels left

rFire   . . .      SeeInvis .   a - +0 long sword
rCold   . . .      Faith    .   c - +0 buckler
rNeg    . . .      Spirit   .   b - +0 scale mail
rPois   .          Reflect  .   (helmet restricted)
rElec   .          Harm     .   (no cloak)
rCorr   .          Rampage  .   (no gloves)
Will    .....                   (no boots)
Stlth   ..........              (no amulet)
HPRegen 0.11/turn               (no ring)
MPRegen 0.08/turn               (no ring)

@: no status effects
A: horns 2, retaliatory headbutt
a: no special abilities


You were on level 3 of the Dungeon.
You visited 1 branch of the dungeon, and saw 3 of its levels.

You collected 58 gold pieces.

Inventory:

Hand Weapons
 a - a +0 long sword (weapon)
Armour
 b - a +0 scale mail (worn)
 c - a +0 buckler (worn)
Jewellery
 k - a ring of wizardry
Scrolls
 e - a scroll of enchant armour {unknown}
 f - a scroll of acquirement {unknown}
 g - a scroll of fear {unknown}
 i - 2 scrolls of magic mapping {unknown}
 j - a scroll of teleportation {unknown}
 l - a scroll of torment {unknown}
 n - 2 scrolls of identify {unknown}
Potions
 d - a potion of might
 h - a potion of flight {unknown}
 m - a potion of curing {unknown}


   Skills:
 + Level 4.0 Fighting
 + Level 2.9 Long Blades
 + Level 4.1 Armour
 + Level 4.0 Shields


You had 2 spell levels left.
You didn't know any spells.
Your spell library contained the following spells:

 Spells                   Type           Power      Damage    Failure   Level
 Blink                    Tloc           0%         N/A       96%         2
 Lesser Beckoning         Tloc           0%         N/A       99%         3
 Manifold Assault         Tloc           0%         N/A       100%        5


Dungeon Overview and Level Annotations

Branches:
Dungeon (3/15)

Altars:
Qazlal

Shops:
D:1 [


Innate Abilities, Weirdness & Mutations

You have a pair of horns on your head.
You reflexively headbutt those who attack you in melee.


Message History

As you open the door, it creaks loudly!
You open the door.
Found a stone staircase leading down.
There is an open door here.
There is a stone staircase leading down here.
Found 35 stones.
You now have 58 gold pieces (gained 13).
An endoplasm comes into view.
The endoplasm quivers.
The endoplasm moves out of view.
You pick up a book of Spatial Translocations and begin reading...
You add the spells Blink, Lesser Beckoning and Manifold Assault to your library.
An endoplasm is nearby!
An endoplasm is nearby!
You completely miss the endoplasm. You headbutt the endoplasm.
The endoplasm is moderately wounded.
The endoplasm hits you but does no damage.
The endoplasm closely misses you.
You hit the endoplasm.
The endoplasm is severely wounded.
The endoplasm hits you but does no damage.
You barely miss the endoplasm.
The endoplasm is severely wounded.
The endoplasm freezes you.
You are frozen.
You hit the endoplasm.
You kill the endoplasm!
An orc priest comes into view. It is wielding a +0 dagger.
The orc priest shouts!
You hear a shout!
The orc priest mumbles some strange prayers to Beogh against you.
Beogh smites you!
An orc priest comes into view. It is wielding a +0 hand axe.
There are monsters nearby!
There are monsters nearby!
The orc priest invokes the aid of Beogh against you.
Beogh smites you!
* * * LOW HITPOINT WARNING * * *
The orc priest calls down the wrath of Beogh upon you.
Beogh smites you!
You die...

##.## #.# #.# #.# #.. #.# #.#
##.# ##'## #.# ... #...## #.#
#.# .....## #.### #.## ......##
#.#.## #..##
.......###....###########...####
.......'........@......o.......+
.......###....###########......#
......## ###.## ##.#...# .....##
#.# ####.## #...## #.# #.# ##+##
#.# #.# #.# #.# #.# #.# ######.#
#o### ##.## #......# #.#..


You could see an orc priest.

Vanquished Creatures
  A dart slug (D:1)
  3 endoplasms
  2 giant cockroaches
  2 goblins
  3 hobgoblins (D:2)
  2 quokkas
  2 ball pythons (D:1)
  3 bats
  4 frilled lizards (D:2)
  2 kobolds
  3 rats (D:2)
27 creatures vanquished.

Notes
Turn   | Place    | Note
-------+----------+-------------------------------------------
     0 | D:1      | Peloso the Minotaur Fighter began the quest for the Orb.
     0 | D:1      | Reached XP level 1. HP: 19/19 MP: 0/0
   266 | D:1      | Reached XP level 2. HP: 27/27 MP: 1/1
   569 | D:1      | Found Inkobel's Antique Armour Emporium.
   987 | D:2      | Found a stormy altar of Qazlal.
  1319 | D:3      | Reached XP level 3. HP: 33/33 MP: 2/2
  1627 | D:3      | Killed from afar by an orc priest

Illustrated notes

Levels and vault maps discovered:
D:1:      roderic_octagonal_star, layout_loops_ring, serial_shops,
          nicolae_lakefront_shop
D:2:      layout_loops_ring, basic_altar
D:3:      layout_loops_corners, nicolae_ecumenical_pavilion

Skill      XL: |  1  2 |
---------------+-------+-----
Shields        | 4 |  4.0
Armour         | 4 |  4.1
Fighting       | 4 |  4.0
Long Blades    | |  2.9

Action                   || total
-------------------------++-------
Melee: Long sword        ||    53
       Headbutt          ||     7
Armor: Scale mail        ||    28
Dodge: Dodged            ||    25
Block: Buckler           ||     7
